Map: 凯罗斯中转站-天梯版

Players

GogojOey - Winner!

  • Race: Zerg Zerg

yohilo

  • Race: Terran Terran
  • League: Bronze

Event: WESG 2018 Grand Finals

VOD

Have the link to the VOD?

Description

Time

  • Played on: March 12, 2019, 12:51 a.m.
  • Length: 4:58

All games in this series

Show
View Real Time Build Order
Export as new Build Order

GogojOey Zerg - Winner!

Build Orders: Pool First 

Get SALT Encoding   

  12  0:01  Drone  
  13  0:12  Overlord  
  13  0:17  Drone  
  14  0:30  Drone x2  
  14  0:34  Drone  
  17  0:46  Spawning Pool  
  17  0:48  Drone  
  17  1:08  Hatchery  
  17  1:11  Drone  
  17  1:24  Extractor  
  16  1:33  Queen, Zergling x6  
  21  1:43  Overlord  
  21  1:56  Drone  
  22  2:05  Drone  
  23  2:10  Queen  
  25  2:16  Drone  
  25  2:20  Queen  
  25  2:21  Drone  
  29  2:27  Drone  
  30  2:31  Drone  
  31  2:38  Roach Warren  
  31  2:40  Drone  
  31  2:42  Drone  
  31  2:43  Overlord  
  32  3:13  Overlord  
  32  3:18  Roach x4  
  32  3:19  Roach x2  
  44  3:26  Overlord  
  44  3:32  Drone  
  44  3:33  Drone x4  
  49  3:43  Overlord  
  49  3:45  Drone  
  50  3:49  Drone x3  
  50  3:51  Drone  
  53  3:57  Drone  
  54  4:03  Drone x3  
  54  4:05  Drone x2  
  59  4:16  Extractor  
  58  4:18  Extractor  
  58  4:23  Drone x2  
  59  4:24  Ravager  
  59  4:29  Drone x4  
  64  4:32  Drone  
  64  4:36  Drone  
  66  4:43  Drone  
  66  4:44  Drone  
Show
View Real Time Build Order
Export as new Build Order

yohilo Terran 

Build Orders: Reaper Expand 

Get SALT Encoding   

  12  0:00  SCV  
  13  0:17  Supply Depot  
  13  0:18  SCV  
  14  0:30  SCV  
  15  0:40  Barracks  
  15  0:42  SCV  
  16  0:47  Refinery  
  16  0:56  SCV  
  17  1:10  SCV  
  18  1:22  SCV  
  19  1:32  Command Center  
  19  1:33  Reaper  
  19  1:38  SCV  
  21  1:51  Orbital Command  
  21  2:03  Supply Depot  
  21  2:10  Factory  
  21  2:13  Marine  
  22  2:17  SCV  
  23  2:29  SCV  
  23  2:38  Marine  
  23  2:41  SCV  
  25  2:49  Refinery  
  25  2:53  SCV  
  25  2:55  Marine  
  25  2:56  Barracks  
  27  2:58  Starport  
  27  3:06  SCV  
  28  3:13  Marine  
  28  3:14  Hellion  
  31  3:24  Supply Depot  
  31  3:41  Command Center  
  31  3:46  SCV  
  31  3:48  Barracks Tech Lab  
  32  3:49  Hellion  
  32  3:52  Medivac  
  36  3:58  SCV  
  36  4:10  SCV  
  36  4:22  SCV  
  32  4:26  Hellion  
  32  4:30  Marine x2  
  36  4:34  SCV  
Tags
 
Add a new tag
Caveats
  • Supply blocks, unpowered buildings, or Contaminate may cause inaccurate times.
  • Supply counts are checked every 10 seconds.